 Dungeon Crawl Stone Soup version 0.17-a0-1481-gfdcec5c (webtiles) character file.

322 emikaela the Grave Robber (level 6, -1/42 HPs)
             Began as an Octopode Wanderer on July 4, 2015.
             Was an Initiate of Ru.
             Slain by a phantom (7 damage)
             ... on level 3 of the Dungeon.
             The game lasted 00:11:13 (3204 turns).

emikaela the Grave Robber (Octopode Wanderer)       Turns: 3204, Time: 00:11:14

Health: -1/42      AC:  1    Str: 12    XL:     6   Next: 47%
Magic:  9/9        EV: 11    Int: 15    God:    Ru [......]
Gold:   136        SH:  0    Dex: 12    Spells: 2 memorised, 5 levels left

rFire  + . .     SeeInvis .     a - +2 dagger
rCold  . . .     Clarity  .     (no shield)
rNeg   + . .     SustAt   .     (helmet restricted)
rPois  .         Gourm    .     (no amulet)
rElec  .         Spirit   .     h - ring of protection from fire
rCorr  .         Warding  .     o - ring of positive energy
rMut   .         Stasis   .     (no ring)
MR     .....                    (no ring)
Stlth  +++.......               (no ring)
                                (no ring)
                                (no ring)
                                (no ring)

@: not resistant to hostile enchantments, fairly stealthy
A: almost no armour, amphibious, 8 rings, constrict 8, camouflage 1, gelatinous
body 1
a: Renounce Religion


You were on level 3 of the Dungeon.
You worshipped Ru.
Ru was noncommittal.
You were not hungry.

You visited 1 branch of the dungeon, and saw 3 of its levels.

You collected 136 gold pieces.

Inventory:

Hand weapons
 a - a +2 dagger (weapon)
 k - a +0 flail
 F - a cursed -3 dagger
Missiles
 f - 58 stones
 p - 27 arrows
 t - 11 poisoned needles
 C - 8 needles of slowing
 K - 3 tomahawks (quivered)
 M - 14 bolts
Jewellery
 h - a ring of protection from fire (left tentacle)
 m - an uncursed amulet of resist corrosion {unknown}
 o - a ring of positive energy (right tentacle)
Magical devices
 D - a wand of slowing (22)
Scrolls
 g - a scroll of remove curse {unknown}
 j - 2 scrolls of identify {unknown}
 n - a scroll of amnesia {unknown}
 q - a scroll of magic mapping {unknown}
 r - 2 scrolls of enchant weapon {unknown}
 u - 2 scrolls of blinking {unknown}
 v - a scroll of noise {unknown}
 w - a scroll of enchant armour {unknown}
 y - 4 scrolls of teleportation {unknown}
 L - a scroll of immolation {unknown}
Potions
 b - a potion of berserk rage
 i - 2 potions of mutation {unknown}
 l - a potion of curing {unknown}
 s - a potion of heal wounds {unknown}
 x - 2 potions of magic {unknown}
 A - a potion of lignification {unknown}
 E - a potion of cancellation {unknown}
 H - a potion of flight {unknown}
 I - a potion of degeneration {unknown}
 J - a potion of invisibility {unknown}
Books
 c - the Handbook of Evil Rituals

   Spells                             Type                      Level
   a - Animate Skeleton               Necromancy                   1
   b - Vampiric Draining              Necromancy                   3
 d - the Collected Works on Ice

   Spells                             Type                      Level
   a - Freeze                         Ice                          1
   b - Ensorcelled Hibernation        Hexes/Ice                    2
Comestibles
 e - 3 bread rations
 z - a meat ration
 B - 2 chunks of flesh
 G - a slice of pizza


   Skills:
 - Level 3.5 Fighting
 - Level 3.0 Maces & Flails
 - Level 2.6 Stealth
 - Level 2.0 Spellcasting
   Level 1.0 Summonings
 + Level 5.4 Necromancy


You had 5 spell levels left.
You knew the following spells:

 Your Spells              Type           Power        Failure   Level  Hunger
a - Animate Skeleton      Necr           N/A          2%          1    #......
b - Vampiric Draining     Necr           ###.......   10%         3    ###....


Dungeon Overview and Level Annotations

Branches:
Dungeon (3/15)

Altars:
Cheibriados
Gozag
Ru


Innate Abilities, Weirdness & Mutations

You cannot wear most types of armour.
You are amphibious.
You can wear up to eight rings at the same time.
You can use your tentacles to constrict eight enemies at once.
Your skin changes colour to match your surroundings (Stealth).
Your rubbery body absorbs attacks (AC +1).


Message History

Quivering
K - 5 tomahawks for throwing.
Throwing (i - inventory. (,) - cycle):
K - 5 tomahawks (quivered)
Press: ? - help, Shift-Dir - straight line, f/p - phantom
Aim: a phantom (almost destroyed)
You throw a tomahawk.
The tomahawk closely misses the phantom.
The phantom blinks!
Throwing (i - inventory. (,) - cycle):
K - 4 tomahawks (quivered)
Press: ? - help, Shift-Dir - straight line, f/p - phantom
Aim: a phantom (almost destroyed)
You throw a tomahawk.
The tomahawk closely misses the phantom.
You miss the phantom.
The phantom is almost destroyed.
The phantom hits you!
* * * LOW HITPOINT WARNING * * *
You barely miss the phantom.
The phantom is almost destroyed.
The phantom hits you!
You die...

########
#(..@W(#
#.####.#
#.####.#
#...##.###.#.
#.#...........
#...##.###....
#..###.# ..
#..###.#
#..)...#


You could see a phantom.

Vanquished Creatures
  Sigmund (D:2)
  An orc priest (D:3)
  Natasha (thrice) (D:2)
  Robin (D:2)
  An adder (D:2)
  A gnoll (D:1)
  An ooze (D:2)
  A giant gecko (D:3)
  An orc (D:3)
  2 ball pythons
  5 giant cockroaches
  15 goblins
  5 hobgoblins
  3 jackals (D:2)
  9 kobolds
  5 bats
  5 giant newts
  5 rats
65 creatures vanquished.

Vanquished Creatures (collateral kills)
  A giant cockroach (D:1)
  A hobgoblin (D:1)
  A rat (D:2)
3 creatures vanquished.

Grand Total: 68 creatures vanquished

Notes
Turn   | Place    | Note
--------------------------------------------------------------
     0 | D:1      | emikaela the Octopode Wanderer began the quest for the Orb.
     0 | D:1      | emikaela set off with: a +2 dagger, a potion of berserk rage, the Handbook of Evil Rituals, the Collected Works on Ice, a bread ration
     0 | D:1      | Reached XP level 1. HP: 14/14 MP: 3/3
     2 | D:1      | Identified the Handbook of Evil Rituals
     2 | D:1      | Identified the Collected Works on Ice
    60 | D:1      | Learned a level 1 spell: Animate Skeleton
   335 | D:1      | Reached XP level 2. HP: 20/20 MP: 5/5
   490 | D:1      | Reached skill level 1 in Necromancy
   654 | D:1      | Reached XP level 3. HP: 26/26 MP: 6/6
  1289 | D:2      | Found a snail-covered altar of Cheibriados.
  1291 | D:2      | Noticed Robin
  1363 | D:2      | Noticed Natasha
  1368 | D:2      | Killed Natasha
  1368 | D:2      | Reached XP level 4. HP: 17/31 MP: 7/7
  1374 | D:2      | Noticed Natasha
  1515 | D:2      | Killed Natasha
  1641 | D:2      | Your ally Natasha died
  1738 | D:2      | Found a sacrificial altar of Ru.
  1757 | D:2      | Became a worshipper of Ru the Awakened
  1762 | D:2      | Learned a level 3 spell: Vampiric Draining
  1933 | D:2      | Found a faded altar to an unknown god.
  2130 | D:2      | Noticed Sigmund
  2140 | D:2      | Killed Sigmund
  2140 | D:2      | Reached skill level 4 in Necromancy
  2140 | D:2      | Reached XP level 5. HP: 24/36 MP: 8/8
  2140 | D:2      | Reached XP level 6. HP: 28/42 MP: 9/9
  2292 | D:2      | Your ally Sigmund died
  2306 | D:2      | Reached skill level 5 in Necromancy
  2457 | D:2      | Killed Robin
  2522 | D:2      | Noticed Natasha
  2646 | D:2      | Killed Natasha
  2914 | D:3      | Found an opulent altar of Gozag.
  3204 | D:3      | Slain by a phantom

Vault maps used:
D:1:      onia_arrival_mini_spirals
D:2:      cheibriados_altar_1, ecumenical_altar_1,
          nicolae_ru_sacrificial_ziggurat, uniq_sigmund, uniq_robin,
          uniq_natasha
D:3:      lemuel_coloured_pillars_altar, serial_glass, glass_columns_b,
          glass_columns_a, first_bread, nicolae_gozag_seed_capital

Action                   |  1- 3 |  4- 6 || total
-------------------------+-------+-------++-------
Melee: Dagger            |    57 |   113 ||   170
Throw: Tomahawk          |       |     2 ||     2
       Stone             |       |     1 ||     1
 Cast: Animate Skeleton  |    13 |    19 ||    32
 Stab: Sleeping          |     7 |     5 ||    12
  Eat: Chunk             |     2 |     6 ||     8
